 Dungeon Crawl Stone Soup version 0.17-a0-777-g32247ce (webtiles) character file.

47 Carolus the Grave Robber (level 3, 0/25 HPs)
             Began as a Demonspawn Necromancer on Apr 25, 2015.
             Slain by an adder (2 damage)
             ... on level 2 of the Dungeon.
             The game lasted 00:08:17 (2759 turns).

Carolus the Grave Robber (Demonspawn Necromancer)   Turns: 2759, Time: 00:08:17

Health: 0/25       AC:  3    Str: 11    XL:     3   Next: 48%
Magic:  0/6        EV: 12    Int: 16    God:
Gold:   73         SH:  0    Dex: 13    Spells: 3 memorised, 2 levels left

rFire  . . .     SeeInvis .     (no weapon)
rCold  . . .     Clarity  .     i - +0 leather armour
rNeg   . . .     SustAb   .     (no shield)
rPois  .         Gourm    .     (no helmet)
rElec  .         Spirit   +     (no cloak)
rCorr  .         Warding  .     (no gloves)
rMut   .         Stasis   .     (no boots)
MR     .....                    (no amulet)
Stlth  ++........               (no ring)
                                (no ring)

@: lethally poisoned (0 -> -1), not resistant to hostile enchantments,
unstealthy
A: breathe flames 1, regeneration 1, strong 1, magic shield
a: Breathe Fire


You were on level 2 of the Dungeon.
You were not hungry.

You visited 1 branch of the dungeon, and saw 2 of its levels.

You collected 73 gold pieces.

Inventory:

Armour
 a - a +0 robe
 i - a +0 leather armour (worn)
Scrolls
 e - a scroll of immolation {unknown}
 g - a scroll of remove curse
 h - a scroll of identify
Books
 b - a book of Necromancy

   Spells                             Type                      Level
   a - Pain                           Necromancy                   1
   b - Animate Skeleton               Necromancy                   1
   c - Vampiric Draining              Necromancy                   3
   d - Regeneration                   Charms/Necromancy            3
   e - Animate Dead                   Necromancy                   4
   f - Control Undead                 Necromancy                   4
Comestibles
 c - a bread ration
 f - a slice of pizza


   Skills:
 * Level 0.8 Fighting
 * Level 1.9 Dodging
 * Level 2.2 Stealth
 * Level 2.5 Spellcasting
 * Level 5.0 Necromancy


You had 2 spell levels left.
You knew the following spells:

 Your Spells              Type           Power        Failure   Level  Hunger
a - Pain                  Necr           ###.         3%          1    #......
b - Animate Skeleton      Necr           N/A          3%          1    #......
c - Vampiric Draining     Necr           ###.......   12%         3    ###....


Dungeon Overview and Level Annotations

Branches:
Dungeon (2/15)

Altars:


Innate Abilities, Weirdness & Mutations

When hurt, damage is shared between your health and your magic reserves.
You can breathe flames.
Your natural rate of healing is unusually fast.
Your muscles are strong. (Str +2)


Message History

The adder is severely wounded.
The adder bites you.
* * * LOW HITPOINT WARNING * * *
You aren't carrying any potions.
You closely miss the adder.
The adder is severely wounded.
The adder bites you but does no damage.
You closely miss the adder.
The adder is severely wounded.
You feel sick. The adder bites you but does no damage.
The adder completely misses you.
You hit the adder but do no damage.
The adder is severely wounded.
The adder bites you.
* * * LOW HITPOINT WARNING * * *
All of the chunks of flesh in your inventory have rotted away.
You barely miss the adder.
The adder is severely wounded.
The adder bites you.
You die...

##.....# #.####..#
###......# #.####..#
######........# #....g..#
#......##.....## #...w#.##
#.....#####........#....##
#......## #...########..#
#....#..####...## #..#
#######.....†..... #...
#...@.###!# #......
.......##S....>...........
....## ...####(.###.###.#
..... .##... #. #.. ... ##
.... # ##. . ...## . #..#
. ..# .


You could see an adder.

Vanquished Creatures
  A gnoll (D:1)
  A worm (D:1)
  3 giant geckos (D:1)
  An orc (D:2)
  2 bats (D:1)
  7 goblins
  6 hobgoblins (D:1)
  4 jackals (D:1)
  A kobold (D:1)
  7 rats
  2 fungi (D:1)
35 creatures vanquished.

Notes
Turn   | Place    | Note
--------------------------------------------------------------
     0 | D:1      | Carolus, the Demonspawn Necromancer, began the quest for the Orb.
     0 | D:1      | Reached XP level 1. HP: 13/13 MP: 3/3
   278 | D:1      | Gained mutation: When hurt, damage is shared between your health and your magic reserves. [demonic ancestry]
   278 | D:1      | Reached XP level 2. HP: 14/20 MP: 0/5
  1483 | D:1      | Reached XP level 3. HP: 18/25 MP: 0/6
  1615 | D:1      | Learned a level 1 spell: Animate Skeleton
  1778 | D:1      | Learned a level 3 spell: Vampiric Draining
  2554 | D:1      | Reached skill level 5 in Necromancy
  2729 | D:2      | Gained mutation: You can breathe flames. [potion of mutation]
  2729 | D:2      | Gained mutation: Your muscles are strong. (Str +2) [potion of mutation]
  2729 | D:2      | Gained mutation: Your natural rate of healing is unusually fast. [potion of mutation]
  2759 | D:2      | Slain by an adder

Action                   || total
-------------------------++-------
Melee: Unarmed           ||   112
 Cast: Pain              ||    66
       Animate Skeleton  ||     4
  Use: Scroll            ||     4
       Potion            ||     2
  Eat: Bread ration      ||     1
       Pizza             ||     1
       Chunk             ||     1
